 Dungeon Crawl Stone Soup version 0.25.1-4-g9407a263a5 (webtiles) character file.

Game seed: 8546004535774455388

137 Gabide the Poker (level 5, -4/41 HPs)
             Began as a Human Monk on Nov 28, 2020.
             Killed from afar by Natasha (9 damage)
             ... with a magic dart
             ... on level 2 of the Dungeon.
             The game lasted 00:03:52 (2517 turns).

Gabide the Poker (Human Monk)                       Turns: 2517, Time: 00:03:53

Health: -4/41      AC:  5    Str: 12    XL:     5   Next: 43%
Magic:  5/5        EV: 12    Int: 11    God:
Gold:   90         SH:  0    Dex: 15    Spells: 4/4 levels left

rFire    . . .     SeeInvis .   a - +0 spear
rCold    . . .     Gourm    .   (no shield)
rNeg     . . .     Faith    +   i - +0 ring mail
rPois    .         Spirit   .   (no helmet)
rElec    .         Reflect  .   (no cloak)
rCorr    .         Harm     .   (no gloves)
MR       .....                  (no boots)
Stlth    ++........             d - amulet of faith
HPRegen  0.13/turn              (no ring)
MPRegen  0.09/turn              (no ring)

@: no status effects
A: no striking features
a: no special abilities


You were on level 2 of the Dungeon.
You were hungry.

You visited 1 branch of the dungeon, and saw 2 of its levels.

You collected 90 gold pieces.

Inventory:

Hand Weapons
 a - a +0 spear (weapon)
Missiles
 b - 42 stones (quivered)
Armour
 i - a +0 ring mail (worn)
 j - a +0 plate armour
Jewellery
 d - an amulet of faith (around neck)
Scrolls
 e - a scroll of remove curse {unknown}
 f - 2 scrolls of fear
 g - 3 scrolls of amnesia
 h - a scroll of fog
Potions
 k - a potion of heal wounds {unknown}
Comestibles
 c - 5 rations


   Skills:
 + Level 3.3 Fighting
 * Level 4.5 Polearms
 * Level 1.4 Armour
 * Level 3.6 Dodging
 + Level 2.4 Stealth


You had 4 spell levels left.
You didn't know any spells.
Your spell library contained the following spells:

 Spells                   Type           Power        Failure   Level  Hunger
 Beastly Appendage        Tmut           #.....       61%         1    ##.....
 Sticks to Snakes         Tmut           #.......     75%         2    ###....
 Spider Form              Tmut/Pois      #.........   93%         3    ####...
 Ice Form                 Ice/Tmut       #.......     100%        4    #####..
 Blade Hands              Tmut           #.........   100%        5    ######.


Dungeon Overview and Level Annotations

Branches:
Dungeon (2/15)

Altars:

Annotations:
D:2 Natasha


Message History

You closely miss Natasha.
Natasha is lightly wounded.
Natasha closely misses you. The shadow imp hits you.
You hit Natasha.
Natasha is moderately wounded.
Natasha closely misses you.
The shadow imp hits you but does no damage.
You closely miss Natasha.
Natasha is moderately wounded.
Natasha claws you. The shadow imp hits you.
You hit Natasha but do no damage.
Natasha is moderately wounded.
Natasha claws you!
* * * LOW HITPOINT WARNING * * *
The shadow imp hits you but does no damage.
You hit Natasha.
Natasha is heavily wounded.
Natasha stares at you and mumbles some strange words.
The magic dart hits you!
You die...

#....#.....#####... .. ...
'....'.....+....... ......... ...
#....#.÷...#....... ...... .. #.#
#....####........#.....#...#. #.#
##......#........#...# #...#.##.#
#.##.###............ #.........
##.##.####'#######.#####......#.#
..).)........#!..h5...(#.........
##.##.####.#.#?#@#.#.#!#....#)#.#
......####.#.##5......#####.#)#.#
####.#........###.#.#######......
.....#.##.#.#.#.......##....#.###
.###.#+##.#.#.##.#.#.###.##...>..
.....[.........##...##.. #.#†###
..##......#.##.#..#..# #.#.###
..##......#.##.##...#####+#.#..##
..........#.....##.###.........##


You could see Natasha, a crimson imp (summoned) and a shadow imp (summoned).

Vanquished Creatures
  Natasha (D:2)
  4 adders (D:2)
  3 oozes
  2 worms (D:2)
  2 leopard geckos (D:2)
  2 ball pythons (D:2)
  4 bats
  6 giant cockroaches
  3 goblins (D:1)
  4 hobgoblins
  4 jackals (D:1)
  A quokka (D:2)
  3 frilled lizards
  11 kobolds
  7 rats
57 creatures vanquished.

Notes
Turn   | Place    | Note
-------+----------+-------------------------------------------
     0 | D:1      | Gabide the Human Monk began the quest for the Orb.
     0 | D:1      | Reached XP level 1. HP: 18/18 MP: 1/1
     6 | D:1      | Noticed a black mamba
     6 | D:1      | Noticed a lindwurm
     6 | D:1      | Noticed a wyvern
     7 | D:1      | Noticed a killer bee
     7 | D:1      | Noticed a wolf
   162 | D:1      | Reached XP level 2. HP: 24/24 MP: 2/2
   451 | D:1      | Reached XP level 3. HP: 29/29 MP: 3/3
  1139 | D:2      | Reached XP level 4. HP: 35/35 MP: 4/4
  1162 | D:2      | Reached skill level 4 in Polearms
  1499 | D:2      | Reached skill level 1 in Armour
  2037 | D:2      | Reached XP level 5. HP: 36/41 MP: 5/5
  2158 | D:2      | Noticed Natasha
  2176 | D:2      | Killed Natasha
  2481 | D:2      | Noticed Natasha
  2517 | D:2      | Killed from afar by Natasha

Illustrated notes

Levels and vault maps discovered:
D:1:      onia_arrival_zoo_common, layout_basic
D:2:      minmay_spotlight, layout_basic, first_ration, uniq_natasha

Skill      XL: |  1  2  3  4 |
---------------+-------------+-----
Polearms       | 4 |  4.5
Armour         | 1 |  1.4
Fighting       | |  3.3
Dodging        | |  3.6
Stealth        | |  2.4

Action                   |  1- 3 |  4- 6 || total
-------------------------+-------+-------++-------
Melee: Spear             |   156 |   170 ||   326
Throw: Stone             |     1 |       ||     1
  Use: Scroll            |     3 |       ||     3
 Stab: Sleeping          |     8 |     5 ||    13
  Eat: Chunk             |     1 |     4 ||     5
Armor: Robe              |     8 |       ||     8
       Ring mail         |    14 |    46 ||    60
Dodge: Dodged            |    74 |    97 ||   171
